 Dungeon Crawl Stone Soup version 0.28.0-45-g0d030f2227 (webtiles) character file.

Game seed: 6882356353493395437

27954 Naeght the Basher (level 13, -4/116 HPs)
             Began as a Minotaur Fighter on Apr 18, 2022.
             Was an Elder of the Shining One.
             Killed from afar by a deep elf zephyrmancer (27 damage)
             ... with a bolt of lightning
             ... on level 1 of the Elven Halls.
             The game lasted 00:43:30 (16352 turns).

Naeght the Basher (Minotaur Fighter)               Turns: 16352, Time: 00:43:30

Health: -4/116     AC: 15    Str: 22    XL:     13   Next: 7%
Magic:  16/16      EV: 15    Int:  5    God:    the Shining One [****..]
Gold:   896        SH: 12    Dex: 14    Spells: 12/12 levels left

rFire   . . .      SeeInvis +   M - +4 flail (vorpal)
rCold   + . .      Faith    .   c - +0 buckler
rNeg    + + .      Spirit   .   d - +3 ring mail {rC+}
rPois   .          Reflect  +   L - +0 hat {Will+}
rElec   .          Harm     .   q - +2 cloak
rCorr   +          Rampage  .   E - +0 pair of gloves
Will    +....                   (no boots)
Stlth   +.........              I - amulet of reflection
HPRegen 0.29/turn               e - ring of see invisible
MPRegen 0.15/turn               D - ring of resist corrosion

@: marked, glowing
A: horns 2, retaliatory headbutt
a: Renounce Religion, Divine Shield, Cleansing Flame


You were on level 1 of the Elven Halls.
You worshipped the Shining One.
The Shining One was greatly pleased with you.
You visited 4 branches of the dungeon, and saw 13 of its levels.
You also visited: Bailey.

You collected 1190 gold pieces.
You spent 294 gold pieces at shops.

Inventory:

Hand Weapons
 s - a +1 morningstar of holy wrath
 M - a +4 vorpal flail (weapon)
Missiles
 n - 214 stones
 C - a throwing net
 P - 15 boomerangs (quivered)
Armour
 c - a +0 buckler (worn)
 d - a +3 ring mail of cold resistance (worn)
 i - a +2 chain mail of fire resistance
 q - a +2 cloak (worn)
 E - a +0 pair of gloves (worn)
 L - a +0 hat of willpower (worn)
Jewellery
 e - a ring of see invisible (left hand)
 D - a ring of resist corrosion (right hand)
 I - an amulet of reflection (around neck)
 J - a ring of ice
Wands
 b - a wand of iceblast (5)
 m - a wand of charming (7)
 F - a wand of polymorph (6)
Scrolls
 f - 8 scrolls of teleportation
 h - a scroll of summoning
 k - 2 scrolls of enchant weapon
 p - 2 scrolls of fog
 r - 4 scrolls of blinking
 t - a scroll of brand weapon
 u - a scroll of silence {unknown}
 v - 2 scrolls of fear {unknown}
 x - 2 scrolls of amnesia {unknown}
 y - a scroll of immolation {unknown}
 N - 3 scrolls of enchant armour
Potions
 a - 2 potions of resistance
 g - 3 potions of brilliance
 j - 2 potions of lignification {unknown}
 l - 2 potions of heal wounds
 o - a potion of attraction
 w - 3 potions of curing
 z - 2 potions of cancellation
 A - a potion of ambrosia {unknown}
 B - 2 potions of mutation
 G - 3 potions of invisibility
 H - a potion of berserk rage


   Skills:
 + Level 11.2 Fighting
 - Level 14.0 Maces & Flails
 - Level 10.5 Armour
 + Level 9.7 Dodging
 - Level 10.5 Shields
 + Level 5.6 Invocations
 + Level 5.0 Evocations


You had 12 spell levels left.
You didn't know any spells.
Your spell library contained the following spells:

 Spells                   Type           Power      Damage    Failure   Level
 Animate Skeleton         Necr           0%         N/A       67%         1
 Freeze                   Ice            0%         1d3       67%         1
 Pain                     Necr           0%         1d4       67%         1
 Shock                    Conj/Air       0%         1d3       67%         1
 Blink                    Tloc           0%         N/A       82%         2
 Conjure Flame            Conj/Fire      0%         6-21      96%         3
 Frozen Ramparts          Ice            0%         1d2       96%         3
 Ignite Poison            Fire/Tmut/Pois 0%         N/A       96%         3
 Inner Flame              Hex/Fire       0%         N/A       96%         3
 Lesser Beckoning         Tloc           0%         N/A       96%         3
 Swiftness                Air            0%         N/A       96%         3
 Tukima's Dance           Hex            0%         N/A       96%         3
 Vampiric Draining        Necr           0%         2d6       96%         3
 Airstrike                Air            0%         N/A       100%        4
 Animate Dead             Necr           0%         N/A       100%        4
 Cause Fear               Hex            0%         N/A       100%        4
 Hailstorm                Conj/Ice       0%         3d3       100%        4
 Passage of Golubria      Tloc           0%         N/A       100%        4
 Sticky Flame             Conj/Fire      0%         2d3       100%        4
 Summon Lightning Spire   Summ/Air       0%         N/A       100%        4
 Borgnjor's Vile Clutch   Necr/Erth      0%         N/A       100%        5
 Lightning Bolt           Conj/Air       0%         1d11      100%        5
 Manifold Assault         Tloc           0%         N/A       100%        5
 Yara's Violent Unravell  Hex/Tmut       0%         3d3       100%        5
 Death Channel            Necr           0%         N/A       100%        6
 Discord                  Hex            0%         N/A       100%        8


Dungeon Overview and Level Annotations

Branches:
Dungeon (9/15)             Temple (1/1) D:4             Orc (2/2) D:9
    Elf (1/3) Orc:2        Bailey (visited)
   Lair: D:8-11

Altars:
Ashenzari
Cheibriados
Dithmenos
Elyvilon
Fedhas
Gozag
Hepliaklqana
Kikubaaqudgha
Makhleb
Nemelex Xobeh
Okawaru
Qazlal
Ru
Sif Muna
Trog
Uskayaw
Vehumet
Wu Jian
Xom
Yredelemnul
Zin
The Shining One
Beogh

Shops:
D:8 (   Orc:2 [?[((:


Innate Abilities, Weirdness & Mutations

You have a pair of horns on your head.
You reflexively headbutt those who attack you in melee.


Message History

a +1 vampiric long sword; an elf corpse HP restored.
There is a staircase back to the Mines here.
You open the door. 2 deep elf zephyrmancers come into view.
Found 15 gold pieces.
The deep elf zephyrmancer shouts! x2
There is an open door here.
There are monsters nearby!
A deep elf knight comes into view. It is wielding a +0 long sword.
A deep elf knight comes into view.
A deep elf zephyrmancer comes into view.
It is wielding a +0 long sword.
The deep elf knight shouts!
The deep elf zephyrmancer shouts!
The deep elf zephyrmancer gestures wildly while chanting.
The deep elf zephyrmancer blinks!
The deep elf zephyrmancer pulls the alarm!
The alarm trap emits a blaring wail!
A sentinel's mark forms upon you.
The deep elf zephyrmancer casts a spell at you.
The bolt of lightning hits you!!
The deep elf zephyrmancer points at you and mumbles some strange words.
The bolt of lightning hits you!!
You hear a shout! x9
The deep elf zephyrmancer casts a spell at you.
The bolt of lightning hits you!!
The deep elf zephyrmancer gestures wildly while chanting.
The deep elf zephyrmancer blinks!
There is an open door here.
The deep elf knight wields a +0 longbow.
The deep elf knight shoots an arrow.
The arrow barely misses you.
The deep elf knight mumbles some strange words.
The deep elf knight seems to speed up.
The deep elf knight mumbles some strange words.
The deep elf knight seems to speed up.
There is a staircase back to the Mines here.
The deep elf zephyrmancer points at you and mumbles some strange words.
The bolt of lightning hits you!!
* * * LOW HITPOINT WARNING * * *
The bolt of lightning hits you!!
You die...

............#
.e..........#
...e..e....#
$......e..#
......e..##
...####e## . +.....#
####..#
#@.##########
#+#######.).).......
..........#######.#.
..#########


You could see 2 deep elf knights and 2 deep elf zephyrmancers.

Vanquished Creatures
  Gastronok (D:9)
  An orc warlord (Bailey)
  An ogre mage (Orc:2)
  A dancing weapon (Elf:1)
  2 two-headed ogres
  4 orc high priests (Orc:2)
  4 orc knights
  Pikel (D:4)
  A deep elf zephyrmancer (Elf:1)
  4 orc sorcerers (Orc:2)
  3 centaur zombies
  2 trolls
  A hornet (D:7)
  A wyvern (D:7)
  A shadow (D:9)
  2 vampires (D:9)
  A wraith (D:9)
  A steam dragon (D:7)
  3 wargs (Orc:2)
  Menkaure (D:7)
  An acid dragon (D:8)
  2 sky beasts
  2 black bears
  24 orc warriors
  A necrophage (D:4)
  4 centaurs
  9 ogres
  3 kobold brigands
  2 gnoll sergeants
  3 bullfrogs
  A scorpion (D:7)
  A wyvern zombie (D:7)
  2 water moccasin zombies
  3 killer bees (D:9)
  14 wights
  4 hounds
  A jelly (D:4)
  Crazy Yiuf (D:2)
  2 centaur skeletons
  A gnoll shaman (D:7)
  15 orc priests
  Jessica (D:2)
  An iguana (D:5)
  17 orc wizards
  A scorpion zombie (D:4)
  A killer bee zombie (D:6)
  Robin (D:2)
  17 gnolls
  6 adders
  2 white imps
  2 ufetubi
  2 adder skeletons
  3 adder zombies (D:4)
  80 orcs
  5 bats
  4 endoplasms
  A giant cockroach (D:2)
  24 goblins
  7 hobgoblins
  3 jackals (D:4)
  27 kobolds
  2 quokkas
  3 ball pythons
  3 rats
345 creatures vanquished.

Vanquished Creatures (collateral kills)
  A warg (Orc:2)
  An ogre (Orc:2)
  An orc (Orc:2)
3 creatures vanquished.

Vanquished Creatures (others)
  An orc wizard (Orc:2)
  33 plants (D:4)
34 creatures vanquished.

Grand Total: 382 creatures vanquished

Notes
Turn   | Place    | Note
-------+----------+-------------------------------------------
     0 | D:1      | Naeght the Minotaur Fighter began the quest for the Orb.
     0 | D:1      | Reached XP level 1. HP: 19/19 MP: 0/0
    94 | D:1      | Found a faded altar of an unknown god.
   179 | D:1      | Reached XP level 2. HP: 27/27 MP: 1/1
   574 | D:2      | Noticed Robin
   631 | D:2      | Reached skill level 3 in Maces & Flails
   646 | D:2      | Killed Robin
   647 | D:2      | Reached skill level 1 in Dodging
   647 | D:2      | Reached XP level 3. HP: 14/33 MP: 2/2
  1051 | D:2      | Found a broken altar of Ashenzari.
  1459 | D:2      | Reached XP level 4. HP: 40/40 MP: 3/3
  1767 | D:2      | Noticed Jessica
  1772 | D:2      | Killed Jessica
  1773 | D:2      | Reached skill level 4 in Maces & Flails
  1888 | D:2      | Found a runed translucent door.
  1889 | D:2      | Noticed Crazy Yiuf
  2039 | D:2      | Killed Crazy Yiuf
  2040 | D:2      | Reached XP level 5. HP: 35/46 MP: 4/4
  2765 | D:3      | Noticed a sky beast
  2776 | D:3      | Killed a sky beast
  3304 | D:4      | Noticed a necrophage
  3311 | D:4      | Killed a necrophage
  3312 | D:4      | Reached skill level 5 in Maces & Flails
  3312 | D:4      | Reached XP level 6. HP: 50/55 MP: 5/5
  3441 | D:4      | Found a basalt altar of Yredelemnul.
  3476 | D:4      | Reached skill level 5 in Armour
  3570 | D:4      | Reached skill level 5 in Fighting
  3581 | D:4      | Reached skill level 5 in Shields
  3588 | D:4      | Reached XP level 7. HP: 28/61 MP: 6/6
  3962 | D:4      | Noticed Pikel
  3983 | D:4      | Killed Pikel
  3984 | D:4      | Reached skill level 6 in Maces & Flails
  3984 | D:4      | Reached XP level 8. HP: 56/70 MP: 7/7
  4450 | D:4      | Reached skill level 7 in Maces & Flails
  4696 | D:4      | Found a staircase to the Ecumenical Temple.
  4874 | Temple   | Entered the Ecumenical Temple
  5019 | Temple   | Became a worshipper of the Shining One
  5077 | D:5      | Entered Level 5 of the Dungeon
  5133 | D:5      | Identified a scroll of acquirement
  5243 | D:5      | HP: 3/70 [orc priest/divine providence (11)]
  5763 | D:5      | HP: 1/70 [orc priest/divine providence (10)]
  6328 | D:5      | Reached skill level 5 in Dodging
  7266 | D:6      | Reached XP level 9. HP: 79/79 MP: 8/8
  7450 | D:6      | Reached * piety under the Shining One
  8908 | D:7      | Acquired a +1 morningstar of holy wrath
  9079 | D:7      | Reached ** piety under the Shining One
  9148 | D:7      | Noticed Menkaure
  9154 | D:7      | Killed Menkaure
  9183 | D:7      | Reached XP level 10. HP: 48/90 MP: 9/9
  9489 | D:7      | Found a stormy altar of Qazlal.
  9699 | D:8      | Found Guidux's Antique Weapon Boutique.
 10450 | D:8      | Reached skill level 1 in Invocations
 10668 | D:9      | Reached skill level 1 in Evocations
 11110 | D:9      | Reached *** piety under the Shining One
 11146 | D:9      | Found a staircase to the Orcish Mines.
 11222 | D:9      | Noticed a two-headed ogre
 11236 | D:9      | Killed a two-headed ogre
 11251 | D:9      | Found a flagged portal.
 11334 | Bailey   | Entered a bailey
 11496 | Bailey   | Noticed an orc warlord
 11571 | Bailey   | Noticed an orc knight
 11711 | Bailey   | Found a runed translucent gate.
 11711 | Bailey   | Found a runed translucent gate.
 11731 | Bailey   | Found a runed translucent gate.
 11790 | Bailey   | Killed an orc warlord
 11791 | Bailey   | Reached skill level 10 in Armour
 11791 | Bailey   | Reached skill level 10 in Shields
 11791 | Bailey   | Reached XP level 11. HP: 47/99 MP: 9/12
 11800 | Bailey   | Reached skill level 12 in Maces & Flails
 11800 | Bailey   | Reached XP level 12. HP: 53/106 MP: 10/13
 12208 | D:9      | Found a bloodstained altar of Trog.
 12208 | D:9      | Found an iron altar of Okawaru.
 12371 | D:9      | Reached skill level 10 in Fighting
 12386 | D:9      | Noticed Gastronok
 12400 | D:9      | Killed Gastronok
 12773 | Orc:1    | Entered Level 1 of the Orcish Mines
 12841 | Orc:2    | Entered Level 2 of the Orcish Mines
 12841 | Orc:2    | Found Runif's Book Shoppe.
 12841 | Orc:2    | Found a staircase to the Elven Halls.
 13205 | Orc:2    | Reached skill level 13 in Maces & Flails
 13231 | Orc:2    | Noticed an orc high priest
 13251 | Orc:2    | Killed an orc high priest
 13267 | Orc:2    | Noticed an ogre mage
 13269 | Orc:2    | Noticed a two-headed ogre
 13275 | Orc:2    | Killed an ogre mage
 13288 | Orc:2    | Killed a two-headed ogre
 14684 | Orc:2    | Reached **** piety under the Shining One
 14935 | Orc:2    | Found Zilloc Lunk's Armour Boutique.
 15028 | Orc:2    | Noticed an orc high priest
 15028 | Orc:2    | Noticed an orc high priest
 15075 | Orc:2    | Killed an orc high priest
 15081 | Orc:2    | Killed an orc high priest
 15172 | Orc:2    | Noticed an orc high priest
 15183 | Orc:2    | Killed an orc high priest
 15190 | Orc:2    | Reached skill level 14 in Maces & Flails
 15190 | Orc:2    | Reached skill level 5 in Invocations
 16191 | Orc:2    | Reached XP level 13. HP: 116/116 MP: 16/16
 16191 | Orc:2    | Found Ynetenk's Antique Weapon Shoppe.
 16191 | Orc:2    | Found Ilimn's Antique Weapon Boutique.
 16201 | Orc:2    | Found Vicluss's Antique Armour Shoppe.
 16201 | Orc:2    | Found Miquub's Magic Scroll Boutique.
 16210 | Orc:2    | Bought a scroll of enchant weapon for 105 gold pieces
 16210 | Orc:2    | Bought a scroll of enchant armour for 105 gold pieces
 16210 | Orc:2    | Bought a scroll of noise for 14 gold pieces
 16219 | Orc:2    | Bought a scroll of identify for 28 gold pieces
 16219 | Orc:2    | Bought a scroll of teleportation for 42 gold pieces
 16301 | Elf:1    | Entered Level 1 of the Elven Halls
 16310 | Elf:1    | Reached skill level 5 in Evocations
 16352 | Elf:1    | Killed from afar by a deep elf zephyrmancer

Illustrated notes

Levels and vault maps discovered:
D:1:      saegor_arrival_simple_a, layout_loops_cross,
          ebering_ecumenical_altar_abandoned, minmay_misc_feat_nine_boxes,
          due_unseen_surprise
D:2:      layout_basic, basic_altar, uniq_crazy_yiuf_cottage, uniq_jessica,
          uniq_robin
D:3:      layout_basic
D:4:      layout_basic, nicolae_yredelemnul_corpse_copse,
          minmay_temple_entry_fiery, serial_bayou, serial_bayou_shore_b,
          serial_bayou_lagoon_b, serial_bayou_lagoon_a, serial_bayou_pond_a,
          minmay_ogre_servants, uniq_pikel
D:5:      layout_basic
D:6:      layout_basic
D:7:      layout_rooms, mainiacjoe_overflow_alcove_1, grunt_decor_cap,
          uniq_menkaure
D:8:      layout_gridville, serial_shops, nicolae_shop_advertising_works
          [nicolae_subvault_shop_adworks], feat_on_display
D:9:      layout_big_octagon, grunt_temple_overflow_bloody_war,
          hiddenorc2_lemuel, enter_bailey_7, nzn_life_drinkers, uniq_gastronok
Temple:   regret_index_temple_mists
Orc:1:    layout_caves, basic_altar
Orc:2:    grunt_orc_tribal_feast, layout_diamond_mine, serial_shops,
          nicolae_shop_crystal, basic_altar, guppyfry_orc_lava_fort
Elf:1:    layout_gridlike, serial_shops, shop_statue, orc_legates

Skill      XL: |  1  2  3  4  5  6  7  8  9 10 11 12 13 |
---------------+----------------------------------------+-----
Maces & Flails | 3 4 5 6 7 12 14 | 14.0
Armour         | 4 5 7 8 10 | 10.5
Dodging        | 1 2 3 5 7 8 9 |  9.7
Fighting       | 4 5 7 8 9 11 | 11.2
Shields        | 4 5 7 8 10 | 10.5
Invocations    | 3 5 |  5.6
Evocations     | 2 4 5 |  5.0

Action                   |  1- 3 |  4- 6 |  7- 9 | 10-12 | 13-15 || total
-------------------------+-------+-------+-------+-------+-------++-------
Melee: Flail             |    66 |   112 |   284 |   390 |     5 ||   857
       Headbutt          |    10 |    20 |    51 |   129 |     1 ||   211
       Morningstar       |       |       |     9 |   112 |       ||   121
       Battleaxe         |       |       |     4 |       |       ||     4
Throw: Stone             |       |       |       |     6 |       ||     6
       Boomerang         |       |       |       |     1 |       ||     1
Invok: Divine Shield     |       |       |       |     2 |       ||     2
Evoke: Wand              |       |       |       |     5 |       ||     5
  Use: Scroll            |       |       |     4 |     9 |     1 ||    14
       Potion            |       |       |       |     4 |       ||     4
Armor: Scale mail        |    19 |    63 |   108 |    58 |       ||   248
       Ring mail         |       |       |       |    36 |       ||    36
Dodge: Dodged            |    41 |    71 |   193 |   201 |     2 ||   508
Block: Buckler           |    23 |    29 |    71 |   258 |     1 ||   382
       Reflection        |       |       |       |    11 |       ||    11
